 Dungeon Crawl Stone Soup version 0.30-a0-881-g1ff12e1e11 (webtiles) character file.

Game seed: 10638497286929249923

139 hikkokomori the Digger (level 5, 0/31 HPs)
             Began as a Gargoyle Earth Elementalist on Mar 15, 2023.
             Was an Initiate of Ashenzari.
             Slain by an iguana (12 damage)
             ... on level 4 of the Dungeon.
             The game lasted 00:04:25 (1885 turns).

hikkokomori the Digger (GrEE)                       Turns: 1885, Time: 00:04:25

Health: 0/31       AC:  8    Str: 12    XL:     5   Next: 22%
Magic:  8/8        EV: 16    Int: 17    God:    Ashenzari [......]
Gold:   106        SH:  0    Dex: 10    Spells: 4/8 levels left

rFire   . . .      SeeInvis .    d - +0 hand axe
rCold   . . .      Faith    .    (no shield)
rNeg    + . .      Spirit   .    a - +0 robe
rPois   ∞          Reflect  .    m - +0 helmet
rElec   +          Rampage  .    h - +0 cloak
rCorr   .                        (no gloves)
Will    .....                    (no boots)
Stlth   ++                       (no amulet)
HPRegen 0.25/turn                l - ring of wizardry
MPRegen 0.11/turn                p - +5 ring of evasion

@: no status effects
A: sickness immunity, AC +4, negative energy resistance 1, electricity
resistance, torment resistance 1, petrification resistance
a: Renounce Religion, Curse Item


You were on level 4 of the Dungeon.
You worshipped Ashenzari.
Ashenzari was noncommittal.
You visited 1 branch of the dungeon, and saw 4 of its levels.

You collected 106 gold pieces.

Inventory:

Hand Weapons
 d - a +0 hand axe (weapon)
Missiles
 k - 5 atropa-tipped darts
Armour
 a - a +0 robe (worn)
 h - a +0 cloak (worn)
 m - a +0 helmet (worn)
Jewellery
 l - a ring of wizardry (left hand)
 p - a +5 ring of evasion (right hand)
Scrolls
 c - a scroll of amnesia {unknown}
 e - a scroll of identify {unknown}
 f - a scroll of enchant armour {unknown}
 g - a scroll of torment {unknown}
 j - a scroll of blinking {unknown}
 n - a scroll of noise {unknown}
 o - a scroll of teleportation {unknown}
Potions
 b - a potion of magic
 i - 2 potions of curing {unknown}


   Skills:
 + Level 2.6 Fighting
 - Level 1.5 Dodging
 + Level 3.9 Stealth
 + Level 2.1 Spellcasting
 + Level 0.6 Conjurations
 - Level 0.7 Transmutations
 + Level 4.8 Earth Magic


You had 4 spell levels left.
You knew the following spells:

 Your Spells              Type           Power      Damage    Failure   Level
a - Sandblast             Erth           36%        2d10      1%          1
b - Stone Arrow           Conj/Erth      22%        3d8       8%          3

Your spell library contained the following spells:

 Spells                   Type           Power      Damage    Failure   Level
 Passwall                 Tmut/Erth      9%         N/A       4%          2
 Foxfire                  Conj/Fire      12%        2x1d4     7%          1
 Ignite Poison            Fire/Tmut/Pois 2%         N/A       21%         3
 Kindle Blastsparks       Fire/Tloc/Air  2%         2d10      22%         3
 Petrify                  Tmut/Erth      11%        N/A       24%         4
 Fireball                 Conj/Fire      1%         3d3       86%         5
 Freezing Cloud           Conj/Ice/Air   1%         6-21      86%         5
 Starburst                Conj/Fire      1%         6d3       100%        6


Dungeon Overview and Level Annotations

Branches:
Dungeon (4/15)
 Temple: D:4-7

Altars:
Ashenzari

Shops:
D:1 *


Innate Abilities, Weirdness & Mutations

You are immune to sickness and miasma.
Your stone body is resilient. (AC +4)
You are immune to poison.
You resist negative energy. (rN+)
You are resistant to electric shocks. (rElec)
You are resistant to unholy torment.
You are immune to petrification.


Message History

No target in view!
No target in view!
No target in view!
No target in view!
No target in view!
No target in view!
Found a quarterstaff.
Things that are here:
a +2 flail of protection; a worm corpse You see here a +0 quarterstaff.
Found a robe.
You now have 106 gold pieces (gained 10).
Found a short sword.
Found a club.
No target in view!
An iguana comes into view.
An iguana is nearby!
An iguana is nearby!
Found a chain mail.
Found a black potion.
An ogre comes into view. It is wielding a +0 giant club.
The iguana hisses angrily.
The iguana completely misses you.
You hit the iguana but do no damage. The iguana misses you.
You hit the iguana but do no damage. The iguana closely misses you.
You hit the iguana but do no damage. The iguana bites you!
The iguana bites you but does no damage.
You barely miss the iguana. The iguana bites you!
You are too injured to fight recklessly!
You are too injured to fight recklessly!
You are too injured to fight recklessly!
You are too injured to fight recklessly!
You are too injured to fight recklessly!
You are too injured to fight recklessly!
You are too injured to fight recklessly!
You are too injured to fight recklessly!
Unknown command.
The ogre closely misses you. The iguana attacks as you move away!
The iguana bites you!
You die...

..# . .... #..! #.#
.. ... ... #.# ...
[. ..# #.# #.. #.
..# #.#
.#...#.#..##.# ..#
.............# #.#
##...##O.##### .##
## #l.....+ ##
#@###### ## ###.#
.## ##.#.#
..###########....###
..............)....+
..#########.......##
.#### #.##.#..#
....# #.####..#
....# #.# #..#


You could see an ogre and an iguana.

Vanquished Creatures
  A howler monkey (D:4)
  Robin (D:2)
  2 adders (D:2)
  4 worms
  3 ball pythons
  5 endoplasms
  A giant cockroach (D:2)
  10 goblins
  8 hobgoblins
  2 jackals (D:2)
  2 quokkas
  6 bats (D:1)
  2 frilled lizards
  3 kobolds
  9 rats
59 creatures vanquished.

Notes
Turn   | Place    | Note
-------+----------+-------------------------------------------
     0 | D:1      | hikkokomori the Gargoyle Earth Elementalist began the quest
                  | for the Orb.
     0 | D:1      | Reached XP level 1. HP: 10/10 MP: 3/3
    54 | D:1      | Found Upomomu's Assorted Antiques.
    90 | D:1      | Reached XP level 2. HP: 8/16 MP: 0/5
   170 | D:1      | Reached skill level 1 in Fighting
   202 | D:1      | Reached skill level 4 in Earth Magic
   441 | D:1      | Reached XP level 3. HP: 18/20 MP: 6/6
   706 | D:2      | Found a broken altar of Ashenzari.
   753 | D:2      | Became a worshipper of Ashenzari the Shackled
   973 | D:2      | Noticed Robin
   994 | D:2      | Killed Robin
   995 | D:2      | Reached XP level 4. HP: 26/26 MP: 1/7
  1673 | D:3      | You fall into a shaft and drop 1 floor!
  1686 | D:4      | Learned a level 3 spell: Stone Arrow
  1701 | D:4      | Reached XP level 5. HP: 23/31 MP: 8/8
  1876 | D:4      | Noticed an ogre
  1885 | D:4      | Slain by an iguana

Illustrated notes

Levels and vault maps discovered:
D:1:      co_arrival_square_in_a_square_in_a_square, layout_basic, serial_shops,
          shop
D:2:      layout_loops_ring, basic_altar, minmay_pentomino_v2, uniq_robin
D:3:      layout_basic, xom_teletrap_fun, lightli_temple_of_fire
D:4:      layout_loops_corners, mainiacjoe_overflow_paths,
          mainiacjoe_overflow_24_doors

Skill      XL: |  1  2  3 |
---------------+----------+-----
Fighting       | 1 2 |  2.6
Earth Magic    | 4 |  4.8
Stealth        | 3 |  3.9
Dodging        | |  1.5
Spellcasting   | |  2.1
Conjurations   | |  0.6
Transmutations | |  0.7

Action                     |  1- 3 |  4- 6 || total
---------------------------+-------+-------++-------
  Melee: Unarmed           |    18 |       ||    18
         Hand axe          |    72 |    31 ||   103
         Punch             |       |     1 ||     1
   Cast: Sandblast         |    20 |    17 ||    37
   Stab: Sleeping          |     1 |       ||     1
 Armour: Robe              |    61 |     8 ||    69
  Dodge: Dodged            |    66 |    26 ||    92

Table legend: (Time is in decaauts)
 A = Elapsed time spent in this place.
 B = Non-inter-level travel time spent in this place.
 C = Inter-level travel time spent in this place.
 D = Time resting spent in this place.
 E = Time spent auto-exploring this place.
 F = Levels seen in this place.
 G = Mean time per level.
                   A        B        C        D        E       F      G
               +--------+--------+--------+--------+--------+-----+--------+
         Total |   1932 |   1853 |     79 |      0 |   1408 |   4 |  483.0 |
       Dungeon |   1932 |   1853 |     79 |      0 |   1408 |   4 |  483.0 |
               +--------+--------+--------+--------+--------+-----+--------+

Top non-repeatable levels by time:
     D:2: 989 daAuts
     D:1: 725 daAuts
     D:4: 217 daAuts
